 Dungeon Crawl Stone Soup version 0.32-a0-422-g28b100f618 (webtiles) character file.

Game seed: 4165375997333392111

6 cforsyth the Slasher (level 1, -1/16 HPs)
             Began as a Coglin Gladiator on Feb 22, 2024.
             Slain by a ball python (2 damage)
             ... on level 1 of the Dungeon.
             The game lasted 00:00:16 (58 turns).

cforsyth the Slasher (Coglin Gladiator)               Turns: 58, Time: 00:00:16

Health: -1/16      AC:  4    Str: 14    XL:     1   Next: 90%
Magic:  1/1        EV:  9    Int:  7    God:
Gold:   0          SH:  0    Dex: 15    Spells: 0/0 levels left

rFire   . . .        a - +0 long sword {Etelvina}
rCold   . . .        (no shield)
rNeg    . . .        b - +0 leather armour
rPois   .            c - +0 helmet
rElec   .            (no cloak)
rCorr   .            (no gloves)
SInv    .            (no boots)
Will    .....        (no amulet)
Stlth   +            (no ring)
HPRegen 0.22/turn    (no ring)
MPRegen 0.07/turn

%: no passive effects
@: immotile, constricted, revved
A: off-hand wielding, slow wielding, warmup strikes, legs shutdown
a: no special abilities


You were on level 1 of the Dungeon.
You visited 1 branch of the dungeon, and saw 1 of its levels.


Innate Abilities, Weirdness & Mutations

You can wield a second weapon in your off-hand.
It takes a long time for you to wield or remove held weapons.
Your first few attacks do less damage.
Attacking and casting redirects power from your legs.


   Skills:
 + Level 2.2 Fighting
 + Level 3.1 Long Blades
 - Level 1.7 Throwing
 + Level 0.4 Armour
 - Level 2.6 Dodging


You couldn't memorise any spells.
You didn't know any spells.
Your spell library was empty.

Inventory:

Hand Weapons
 a - a +0 long sword (weapon) {Etelvina}
Missiles
 d - 3 throwing nets (quivered) {=f}
 e - a javelin
Armour
 b - a +0 leather armour (worn)
 c - a +0 helmet (worn)
Scrolls
 f - a scroll of identify {unknown}

Dungeon Overview and Level Annotations

Branches:
Dungeon (1/15)

Altars:

#.# .#.# #.#+#.#.##
#..... ... #....##.#
#.?.....# #.#.....#
#.#####.#.##S.#
#.....†..hh@..#
........####.#######
############.###ß.ß##
..........#......#
########.##......#
#.##...ß..##
#..#......ß#
##.'......<#
###......ß#


You could see 2 jackals and a ball python.


Message History

The jackal bites you but does no damage.
You closely miss the jackal. The jackal barely misses you.
The ball python completely misses you. The ball python closely misses you.
The jackal closely misses you.
You closely miss the jackal. The ball python barely misses you.
The ball python grabs you. The ball python constricts you.
The jackal bites you.
* * * LOW HITPOINT WARNING * * *
The ball python bites you but does no damage.
The ball python constricts you.
You hit the jackal.
The jackal is moderately wounded.
The jackal barely misses you. The ball python completely misses you.
The ball python constricts you.
The jackal bites you but does no damage.
You barely miss the jackal.
The jackal is moderately wounded.
The ball python barely misses you. The ball python constricts you.
* * * LOW HITPOINT WARNING * * *
The jackal completely misses you. The ball python closely misses you.
The ball python constricts you.
* * * LOW HITPOINT WARNING * * *
The jackal bites you.
* * * LOW HITPOINT WARNING * * *
You closely miss the ball python. The jackal barely misses you.
The ball python closely misses you. The ball python constricts you.
You closely miss the ball python. The jackal bites you.
* * * LOW HITPOINT WARNING * * *
The ball python bites you.
You die...

Action                     || total
---------------------------++-------
  Melee: Long sword        ||    19
 Armour: Leather armour    ||    34
  Dodge: Dodged            ||    43

Levels and vault maps discovered:
D:1:      mrwooster_arrival_statue_3, layout_basic, minmay_misc_feat_cross,
          nicolae_eternal_life, st_stairs_8

Notes
Turn   | Place    | Note
-------+----------+-------------------------------------------
     0 | D:1      | cforsyth the Coglin Gladiator began the quest for the Orb.
     0 | D:1      | Reached XP level 1. HP: 16/16 MP: 1/1
    58 | D:1      | HP: 1/16 [jackal (2)]
    58 | D:1      | Slain by a ball python

Vanquished Creatures
  A jackal (D:1)
  A ball python (D:1)
  2 rats (D:1)
4 creatures vanquished.

Table legend: (Time is in decaauts)
 A = Elapsed time spent in this place.
 B = Non-inter-level travel time spent in this place.
 C = Inter-level travel time spent in this place.
 D = Time resting spent in this place.
 E = Time spent auto-exploring this place.
 F = Levels seen in this place.
 G = Mean time per level.
                   A        B        C        D        E       F      G
               +--------+--------+--------+--------+--------+-----+--------+
         Total |     62 |     62 |      0 |      0 |     25 |   1 |   62.0 |
       Dungeon |     62 |     62 |      0 |      0 |     25 |   1 |   62.0 |
               +--------+--------+--------+--------+--------+-----+--------+

Top non-repeatable levels by time:
     D:1: 62 daAuts

Table legend:
 A = Non-vault XP
 B = Vault XP
 C = Vault XP percentage of total XP
 D = Non-vault monster count
 E = Vault monster count
 F = Vault count percentage of total count
                 A         B        C        D         E       F
            +---------+---------+-------+---------+---------+-------
      Total |       9 |       0 |   0.0 |       4 |       0 |   0.0
            +---------+---------+-------+---------+---------+-------
        D:1 |       9 |       0 |   0.0 |       4 |       0 |   0.0
            +---------+---------+-------+---------+---------+-------
